 Dungeon Crawl Stone Soup version 0.29.0-4-gdea44cf6ec (webtiles) character file.

Game seed: 7748710105231480804

82 qw the Chopper (level 4, -2/26 HPs)
             Began as a Tengu Warper on Aug 28, 2022.
             Slain by an ogre
             ... wielding a +0 giant spiked club
              (28 damage)
             ... on level 3 of the Dungeon.
             The game lasted 00:00:14 (3259 turns).

qw the Chopper (Tengu Warper)                       Turns: 3259, Time: 00:00:15

Health: -2/26      AC:  8    Str: 13    XL:     4   Next: 43%
Magic:  8/8        EV: 11    Int: 14    God:
Gold:   124        SH:  0    Dex: 13    Spells: 7/7 levels left

rFire   . . .      SeeInvis .   Y - +2 hand axe
rCold   . . .      Faith    .   (no shield)
rNeg    . . .      Spirit   .   a - +0 ring mail
rPois   .          Reflect  .   (helmet restricted)
rElec   .          Harm     .   (no cloak)
rCorr   .          Rampage  .   g - +2 pair of gloves
Will    .....                   (boots unavailable)
Stlth   +.........              (no amulet)
HPRegen 0.08/turn               (no ring)
MPRegen 0.11/turn               (no ring)

@: no status effects
A: beak, talons 3
a: no special abilities


You were on level 3 of the Dungeon.
You visited 1 branch of the dungeon, and saw 3 of its levels.

You collected 124 gold pieces.


Innate Abilities, Weirdness & Mutations

You have a beak for a mouth.
You have claws for feet.


   Skills:
 - Level 2.0 Fighting
 + Level 5.0 Axes
 - Level 1.0 Throwing
 - Level 1.1 Armour
 - Level 2.1 Dodging
 - Level 2.0 Spellcasting
 - Level 2.4 Translocations


You had 7 spell levels left.
You didn't know any spells.
Your spell library contained the following spells:

 Spells                   Type           Power      Damage    Failure   Level
 Blink                    Tloc           16%        N/A       28%         2
 Gell's Gravitas          Tloc           8%         N/A       50%         3
 Lesser Beckoning         Tloc           8%         N/A       50%         3
 Teleport Other           Tloc           8%         N/A       50%         3
 Manifold Assault         Tloc           8%         N/A       99%         5

Inventory:

Hand Weapons
 d - a +0 flail
 Y - a +2 hand axe (weapon)
Armour
 a - a +0 ring mail (worn)
 g - a +2 pair of gloves (worn)
Scrolls
 b - a scroll of identify
Potions
 c - 2 potions of degeneration {unknown}
 e - 5 potions of curing
 f - a potion of flight {unknown}
 j - a potion of lignification {unknown}

Dungeon Overview and Level Annotations

Branches:
Dungeon (3/15)

Altars:
Uskayaw

Shops:
D:1 [*:


Message History

Your Axes skill increases to level 5!
e - 5 potions of curing (gained 1)
You now have 124 gold pieces (gained 14).
An endoplasm comes into view.
The endoplasm quivers.
Enter note: You hit the endoplasm.
You peck the endoplasm.
You kill the endoplasm!
c - 2 silvery potions (gained 1)
An endoplasm comes into view.
Found a stone staircase leading up.
The endoplasm quivers.
Enter note:
Enter note:
Enter note:
Enter note: You hit the endoplasm.
You claw the endoplasm.
You kill the endoplasm!
Found a book of Displacement.
Enter note:
Enter note:
Enter note:
Enter note: You see here a book of Displacement.
Found a scroll of summoning.
Enter note: An ogre comes into view. It is wielding a +0 giant spiked club.
You hit the ogre. You claw the ogre, but do no damage.
The ogre is lightly wounded.
The ogre misses you.
You hit the ogre. Your peck misses the ogre.
The ogre is moderately wounded.
The ogre misses you.
You hit the ogre.
The ogre is moderately wounded.
You slash the ogre!
The ogre is heavily wounded.
The ogre hits you with a +0 giant spiked club!!
Ouch! That really hurt!
You die...

## .. .# .# .# .# # #
#####O#######.#######
#...@................
#.#.#?##............#
#.#.#.# ##.###..##
#.#.#.# #.## #.#.#.#
#..## #.#.#.. #...#
#...### #.#..
#..####### ### #.#.#
######......... ..#
#.#.#


You could see an ogre.

Vanquished Creatures
  2 adders (D:2)
  An ufetubus (D:3)
  A dart slug (D:1)
  An orc (D:3)
  9 ball pythons
  9 endoplasms
  2 goblins
  6 hobgoblins
  4 jackals (D:1)
  A quokka (D:1)
  3 bats
  6 frilled lizards
  3 kobolds
  6 rats
54 creatures vanquished.

Notes
Turn   | Place    | Note
-------+----------+-------------------------------------------
     0 | D:1      | qw the Tengu Warper began the quest for the Orb.
     0 | D:1      | Reached XP level 1. HP: 12/12 MP: 4/4
     0 | D:1      | 0 ||| qw: Version: 0.1-a-89-g26bdef1
     0 | D:1      | 0 ||| qw: Game counter: 2696
     0 | D:1      | 0 ||| qw: Always use a shield: true
     0 | D:1      | 0 ||| qw: God list: Okawaru
     0 | D:1      | 0 ||| qw: Allow faded altars: false
     0 | D:1      | 0 ||| qw: Do Orc after D:15 true
     0 | D:1      | 0 ||| qw: Do second Lair branch before Depths: true
     0 | D:1      | 0 ||| qw: Lair rune preference: random
     0 | D:1      | 0 ||| qw: Plans: Normal
     0 | D:1      | 0 ||| PLANNING D:1-11
    40 | D:1      | Found Feko's Armour Shop.
    43 | D:1      | 43 ||| SHOPLISTING +0 cloak (49 gold, have 0).
    43 | D:1      | 43 ||| SHOPLISTING +0 pair of gloves (49 gold, have 0).
    43 | D:1      | 43 ||| SHOPLISTING +0 ring mail (44 gold, have 0).
    43 | D:1      | 43 ||| SHOPLISTING +0 scale mail (44 gold, have 0).
    43 | D:1      | 43 ||| SHOPLISTING +2 chain mail of fire resistance (236
                  | gold, have 0).
    43 | D:1      | 43 ||| SHOPLISTING +2 cloak (181 gold, have 0).
   139 | D:1      | Found Gihag Lenig's General Store.
   149 | D:1      | 149 ||| SHOPLISTING potion of curing (42 gold, have 25).
   164 | D:1      | Found Hisiza's Book Shop.
   172 | D:1      | Reached XP level 2. HP: 17/17 MP: 6/6
   187 | D:1      | Reached skill level 3 in Axes
   313 | D:1      | 313 ||| Stepping ~*~*~tactically~*~*~ (hiding).
   415 | D:1      | 415 ||| Stepping ~*~*~tactically~*~*~ (hiding).
   977 | D:1      | Reached XP level 3. HP: 21/21 MP: 7/7
  1284 | D:1      | 1284 ||| UPGRADING to +0 pair of gloves.
  1289 | D:1      | 1289 ||| READING scroll labelled LUESUYKHLI FEMP.
  1405 | D:1      | 1405 ||| READING scroll labelled JOCAES COELE.
  1406 | D:1      | 1406 ||| READING scroll labelled SOSSUS FUHAIDGHE.
  1407 | D:1      | 1407 ||| DRINKING 2 pink potions.
  1408 | D:1      | 1408 ||| DROPPING scroll of blinking.
  1593 | D:2      | You fall into a shaft and drop 1 floor!
  1624 | D:3      | 1624 ||| READING scroll labelled WICZOTR JEGO.
  1625 | D:3      | 1625 ||| READING 3 scrolls labelled CIETREASYR.
  1626 | D:3      | 1626 ||| READING 2 scrolls of enchant armour.
  1626 | D:3      | 1626 ||| ENCHANTING +0 pair of gloves.
  1627 | D:3      | 1627 ||| READING scroll of enchant armour.
  1627 | D:3      | 1627 ||| ENCHANTING +1 pair of gloves.
  1663 | D:2      | Reached skill level 4 in Axes
  1695 | D:2      | 1695 ||| Stepping ~*~*~tactically~*~*~ (stealth).
  1698 | D:2      | 1698 ||| Stepping ~*~*~tactically~*~*~ (stealth).
  1699 | D:2      | 1699 ||| Stepping ~*~*~tactically~*~*~ (stealth).
  1875 | D:2      | 1875 ||| Stepping ~*~*~tactically~*~*~ (stealth).
  1877 | D:2      | 1877 ||| Stepping ~*~*~tactically~*~*~ (stealth).
  1879 | D:2      | 1879 ||| Stepping ~*~*~tactically~*~*~ (stealth).
  1881 | D:2      | 1881 ||| Stepping ~*~*~tactically~*~*~ (stealth).
  2346 | D:2      | 2346 ||| DROPPING +0 club.
  2420 | D:2      | Reached XP level 4. HP: 26/26 MP: 8/8
  2542 | D:2      | 2542 ||| UPGRADING to +0 ring mail.
  2552 | D:2      | 2552 ||| DROPPING +0 leather armour.
  2553 | D:2      | 2553 ||| READING scroll labelled GUEDDU FEBLUFA.
  2664 | D:3      | 2664 ||| Stepping ~*~*~tactically~*~*~ (stealth).
  2738 | D:3      | 2738 ||| READING scroll of enchant weapon.
  2738 | D:3      | 2738 ||| ENCHANTING +1 hand axe.
  2815 | D:3      | 2815 ||| Stepping ~*~*~tactically~*~*~ (stealth).
  2871 | D:3      | 2871 ||| FLEEEEING.
  2881 | D:3      | 2881 ||| STAIRDANCE
  2999 | D:3      | Found a hide-covered altar of Uskayaw.
  3002 | D:3      | Noticed a +0 hand axe
  3002 | D:3      | Noticed a +0 hand axe
  3046 | D:3      | Reached skill level 5 in Axes
  3252 | D:3      | Noticed an ogre
  3259 | D:3      | Slain by an ogre

Levels and vault maps discovered:
D:1:      evilmike_arrival_fibonacci_small, layout_basic, serial_shops,
          nicolae_shop_hallway_stairs, nicolae_shop_window_shopping, shop,
          serial_bayou_pond_b, wander_ebering_terrifying_dragon_lair
D:2:      layout_loops_corners
D:3:      minmay_evil_eye, layout_loops_ring, dancing_weapons_uskayaw

Skill      XL: |  1  2  3  4 |
---------------+-------------+-----
Axes           | 3 4 5 |  5.0
Fighting       | |  2.0
Throwing       | |  1.0
Armour         | |  1.1
Dodging        | |  2.1
Spellcasting   | |  2.0
Translocations | |  2.4

Action                   |  1- 3 |  4- 6 || total
-------------------------+-------+-------++-------
Melee: Hand axe          |    62 |    36 ||    98
       Kick              |    18 |    10 ||    28
       Peck              |     7 |     6 ||    13
Throw: Boomerang         |     7 |       ||     7
  Use: Scroll            |     7 |     2 ||     9
       Potion            |     1 |       ||     1
Armor: Leather armour    |    15 |       ||    15
       Ring mail         |       |    16 ||    16
Dodge: Dodged            |    23 |    15 ||    38

Table legend:
 A = Non-vault XP
 B = Vault XP
 C = Vault XP percentage of total XP
 D = Non-vault monster count
 E = Vault monster count
 F = Vault count percentage of total count
                 A         B        C        D         E       F
            +---------+---------+-------+---------+---------+-------
      Total |     102 |      16 |  13.6 |      48 |       6 |  11.1
            +---------+---------+-------+---------+---------+-------
        D:1 |      37 |       2 |   5.1 |      22 |       2 |   8.3
        D:2 |      46 |       0 |   0.0 |      14 |       0 |   0.0
        D:3 |      19 |      14 |  42.4 |      12 |       4 |  25.0
            +---------+---------+-------+---------+---------+-------
